AoeStats
← azimkhan1545

Arabia

510197290Analyzed
1v1 RM · 1d ago on Sep 29, 2026· 35m 16s· 2 players
Game mode
Random Map
Map size
Tiny (2 player)
Population
200
Speed
Normal
Resources
Standard
Victory
Conquest
Starting age
Dark Age
Ending age
Imperial Age
RankedLock teamsTeams togetherTeam positionsShared explorationLock speedFull tech treeHidden civsTurbo modeCheats
Victory
Defeat
🇧🇩 Bengalis · Bangladesh
638
+18
🇺🇿 Celts · Uzbekistan
674
-18
BigOgre
10:30 Feudal Age
16:12 Castle Age
25:19 Scale Barding Armor
25:04 Fletching
25:25 Forging
29:34 Murder Holes
azimkhan1545
9:36 Loom
12:11 Feudal Age
15:07 Double-Bit Axe
14:48 Man-at-Arms
16:29 Forging
16:19 Scale Mail Armor
22:45 Castle Age
22:24 Gold Mining
22:25 Stone Mining
22:21 Horse Collar
Connection lost

Rejoining the realm…

Still unreachable

The connection could not be restored.

Session expired

The server has moved on; the page needs a fresh start.